 Dungeon Crawl Stone Soup version 0.31-a0-692-gf03d1854d5 (webtiles) character file.

Game seed: 977498916162371587

585 qw the Shooter (level 7, -1/43 HPs)
             Began as a Gargoyle Hunter on Sept 6, 2023.
             Slain by a gnoll
             ... wielding a +2 flail of holy wrath
             ... led by a gnoll bouda
              (5 damage)
             ... on level 4 of the Dungeon.
             The game lasted 00:01:08 (3011 turns).

qw the Shooter (Gargoyle Hunter)                    Turns: 3011, Time: 00:01:09

Health: -1/43      AC: 14    Str: 15    XL:     7   Next: 37%
Magic:  7/7        EV: 11    Int:  9    God:
Gold:   212        SH:  0    Dex: 20    Spells: 6/6 levels left

rFire   . . .        Y - +0 orcbow (freeze)
rCold   . . .        (shield currently unavailable)
rNeg    + . .        j - +0 ring mail
rPois   inf          (no helmet)
rElec   +            (no cloak)
rCorr   .            f - +2 pair of gloves "Oxuquonn" {*Corrode rElec Dex+5}
SInv    .            a - +0 pair of boots
Will    .....        (no amulet)
Stlth   +            (no ring)
HPRegen 0.27/turn    (no ring)
MPRegen 0.10/turn

%: corrode self (3%)
@: about to teleport
A: sickness immunity, AC +4, negative energy resistance 1, electricity
resistance, torment resistance 1, petrification resistance
a: no special abilities


You were on level 4 of the Dungeon.
You visited 1 branch of the dungeon, and saw 4 of its levels.

You collected 212 gold pieces.


Innate Abilities, Weirdness & Mutations

You are immune to sickness and miasma.
Your stone body is resilient. (AC +4)
You are immune to poison.
You resist negative energy. (rN+)
You are resistant to electric shocks. (rElec)
You are resistant to unholy torment.
You are immune to petrification.


   Skills:
 - Level 4.0 Fighting
 + Level 7.4 Ranged Weapons
 - Level 2.0 Armour
 - Level 2.4 Dodging
 - Level 1.1 Stealth


You had 6 spell levels left.
You didn't know any spells.
Your spell library was empty.

Inventory:

Hand Weapons
 Y - a +0 orcbow of freezing (weapon)
Armour
 a - a +0 pair of boots (worn)
 f - the +2 pair of gloves "Oxuquonn" (worn) {*Corrode rElec Dex+5}
   (You acquired it on level 2 of the Dungeon)

   Dex+5:     It affects your dexterity (+5).
   rElec:     It insulates you from electricity.
   *Corrode:  It may corrode you when you take damage.
 j - a +0 ring mail (worn)
Jewellery
 i - an amulet of faith
Scrolls
 k - a scroll of torment {unknown}
 l - a scroll of poison {unknown}
 m - a scroll of enchant armour {unknown}
Potions
 b - a potion of degeneration {unknown}
 d - 2 potions of curing {unknown}
 e - a potion of berserk rage {unknown}
 g - a potion of cancellation
 h - a potion of haste {unknown}

Dungeon Overview and Level Annotations

Branches:
Dungeon (4/15)
 Temple: D:4-7

Altars:


Message History

The gnoll hits you from afar with a +0 spear.
You shoot an arrow. The arrow hits the gnoll.
The arrow freezes the gnoll.
The gnoll is moderately wounded.
The gnoll hits you but does no damage. The kobold hits you but does no damage.
The gnoll hits you but does no damage. The dart slug launches a dart at you.
The slug dart hits you.
You shoot an arrow. The arrow closely misses the gnoll.
The gnoll hits you but does no damage. The kobold barely misses you.
The gnoll hits you but does no damage.
You shoot an arrow. The arrow hits the gnoll.
The arrow freezes the gnoll.
The gnoll is heavily wounded.
The gnoll hits you with a +2 flail of holy wrath.
The kobold misses you. The gnoll closely misses you. The gnoll misses you.
The kobold barely misses you.
You shoot an arrow. The arrow barely misses the gnoll.
The gnoll closely misses you.
The gnoll hits you with a +2 flail of holy wrath.
The endoplasm hits you but does no damage.
The kobold closely misses you. The dart slug launches a dart at you.
The slug dart hits you but does no damage.
The gnoll hits you but does no damage.
You shoot an arrow. The arrow closely misses the gnoll.
The gnoll hits you with a +2 flail of holy wrath.
The kobold closely misses you. The endoplasm freezes you.
You are frozen.
The gnoll hits you but does no damage.
The dart slug bites you but does no damage.
3010 ||| READING scroll of teleportation.
As you read the scroll of teleportation, it crumbles to dust.
You feel strangely unstable.
The gnoll is no longer moving quickly.
The gnoll hits you with a +2 flail of holy wrath.
The endoplasm freezes you.
You are frozen.
The kobold closely misses you. The gnoll hits you but does no damage.
You shoot an arrow. The arrow completely misses the gnoll.
The gnoll hits you with a +2 flail of holy wrath.
You die...

#.# #.. gg.# ##.#
####.##gg.# ...# #.......g.#
#### #...)# #....# #....# #
######..g.##### #
......Jwg.....# #...#
#####K@..##### ....#
#....###### ....#
#####'#......# ....#
#.....#......# ....#
#.....##...#.# ....#
#.......#.#..#
....########.......#.#.[....
.#........##.......#.#.....#
................###...###..


You could see 2 gnolls, a dart slug, an endoplasm and a kobold.

Vanquished Creatures
  2 black bears (D:4)
  A centaur (D:4)
  A gnoll bouda (D:4)
  An iguana (D:4)
  Terence (D:2)
  7 adders
  7 gnolls
  2 river rats (D:3)
  A worm (D:2)
  4 dart slugs
  5 orcs (D:4)
  4 ball pythons
  5 endoplasms
  10 giant cockroaches
  7 goblins
  3 hobgoblins
  6 jackals
  10 kobolds
  6 quokkas
  5 bats
  3 frilled lizards (D:1)
  10 rats
101 creatures vanquished.

Notes
Turn   | Place    | Note
-------+----------+-------------------------------------------
     0 | D:1      | qw the Gargoyle Hunter began the quest for the Orb.
     0 | D:1      | Reached XP level 1. HP: 12/12 MP: 1/1
     0 | D:1      | 0 ||| qw: Version: 0.3-a-76-g4403597
     0 | D:1      | 0 ||| qw: Game counter: 174
     0 | D:1      | 0 ||| qw: Melee chars always use a shield: true
     0 | D:1      | 0 ||| qw: God list: Okawaru
     0 | D:1      | 0 ||| qw: Allow faded altars: false
     0 | D:1      | 0 ||| qw: Do Orc after clearing Dungeon:15 true
     0 | D:1      | 0 ||| qw: Do second Lair branch before Depths: true
     0 | D:1      | 0 ||| qw: Lair rune preference: random
     0 | D:1      | 0 ||| qw: Goals: Normal
     0 | D:1      | 0 ||| PLANNING D:1-11
    90 | D:1      | Reached XP level 2. HP: 17/17 MP: 2/2
   409 | D:1      | Reached XP level 3. HP: 21/21 MP: 3/3
   444 | D:1      | Reached skill level 5 in Ranged Weapons
   677 | D:1      | 677 ||| UPGRADING to +0 ring mail.
   687 | D:1      | 687 ||| DROPPING +0 leather armour.
   688 | D:1      | 688 ||| DROPPING ring of flight.
   689 | D:1      | 689 ||| DROPPING +6 ring of intelligence.
   690 | D:1      | 690 ||| READING 2 scrolls labelled VAALOKHERUZ.
   691 | D:1      | 691 ||| READING scroll of enchant weapon.
   691 | D:1      | 691 ||| ENCHANTING +1 shortbow.
   692 | D:1      | 692 ||| READING scroll labelled CUOTHI QUO.
   693 | D:1      | 693 ||| READING scroll labelled GELIOL VIWN.
   697 | D:1      | 697 ||| READING scroll labelled MEDEIJ VAACW.
   698 | D:1      | 698 ||| DROPPING scroll of butterflies.
   732 | D:2      | Reached skill level 1 in Armour
   865 | D:2      | Reached XP level 4. HP: 22/27 MP: 4/4
   943 | D:2      | Reached skill level 3 in Fighting
  1186 | D:2      | Noticed Terence
  1193 | D:2      | Killed Terence
  1194 | D:2      | Reached XP level 5. HP: 32/32 MP: 5/5
  1598 | D:2      | 1598 ||| UPGRADING to +0 pair of boots.
  1603 | D:2      | 1603 ||| READING scroll labelled VOABLI XIVUTARGH.
  1604 | D:2      | 1604 ||| READING 2 scrolls labelled ASIAGO CIEJ.
  1604 | D:2      | Identified 2 scrolls of acquirement
  1604 | D:2      | 1604 ||| ACQUIRING +0 orcbow of freezing
  1604 | D:2      | Acquired a +0 orcbow of freezing
  1606 | D:2      | 1606 ||| SWAPPING to +0 orcbow of freezing.
  1607 | D:2      | 1607 ||| DROPPING +2 shortbow.
  1608 | D:2      | 1608 ||| READING scroll of acquirement.
  1608 | D:2      | 1608 ||| ACQUIRING +2 pair of gloves "Oxuquonn" {*Corrode
                  | rElec Dex+5}
  1608 | D:2      | Acquired the +2 pair of gloves "Oxuquonn" {*Corrode rElec
                  | Dex+5}
  1610 | D:2      | 1610 ||| UPGRADING to +2 pair of gloves "Oxuquonn"
                  | {*Corrode rElec Dex+5}.
  1615 | D:2      | 1615 ||| READING scroll labelled JAEMUVAPAV.
  1628 | D:3      | 1628 ||| PLANNING SEWER
  1666 | D:3      | Reached skill level 6 in Ranged Weapons
  2232 | D:3      | 2232 ||| RIP SEWER
  2236 | D:3      | 2236 ||| PLANNING D:1-11
  2632 | D:3      | 2632 ||| Stepping ~*~*~tactically~*~*~ (water).
  2641 | D:3      | Reached XP level 6. HP: 38/38 MP: 6/6
  2654 | D:3      | 2654 ||| READING scroll labelled PAUSOTTI GIUS.
  2655 | D:3      | 2655 ||| DRINKING 2 viscous pink potions.
  2744 | D:4      | Noticed a black bear
  2751 | D:4      | Killed a black bear
  2751 | D:4      | Noticed a black bear
  2757 | D:4      | Killed a black bear
  2758 | D:4      | Reached skill level 7 in Ranged Weapons
  2802 | D:4      | Reached XP level 7. HP: 36/43 MP: 7/7
  2991 | D:4      | 2991 ||| RETREATING.
  2999 | D:4      | 2999 ||| FLEEEEING.
  3000 | D:4      | 3000 ||| FLEEEEING.
  3009 | D:4      | HP: 9/43 [frozen (5)]
  3010 | D:4      | 3010 ||| READING scroll of teleportation.
  3010 | D:4      | HP: 4/43 [frozen (2)]
  3011 | D:4      | Slain by a gnoll

Levels and vault maps discovered:
D:1:      lightli_arrival_statue_moat, layout_loops_ring, minmay_door_square
D:2:      kb_forest_paths, layout_loops_ring, nicolae_half_adder, uniq_terence
D:3:      layout_basic, gup_sewer_entry_spiral
D:4:      layout_basic, nrook_loot_triangle, nicolae_titane

Skill      XL: |  1  2  3  4  5  6  7 |
---------------+----------------------+-----
Ranged Weapons | 5 6 7 |  7.4
Armour         | 1 2 |  2.0
Fighting       | 3 4 |  4.0
Dodging        | 2 |  2.4
Stealth        | |  1.1

Action                     |  1- 3 |  4- 6 |  7- 9 || total
---------------------------+-------+-------+-------++-------
   Fire: Shortbow          |    89 |    64 |       ||   153
         Orcbow            |       |    65 |    44 ||   109
    Use: Scroll            |     5 |     5 |     1 ||    11
         Potion            |       |     1 |       ||     1
 Armour: Leather armour    |     8 |       |       ||     8
         Ring mail         |     9 |    30 |    33 ||    72
  Dodge: Dodged            |    18 |    23 |    21 ||    62

Table legend:
 A = Non-vault XP
 B = Vault XP
 C = Vault XP percentage of total XP
 D = Non-vault monster count
 E = Vault monster count
 F = Vault count percentage of total count
                 A         B        C        D         E       F
            +---------+---------+-------+---------+---------+-------
      Total |     712 |     125 |  14.9 |      84 |      17 |  16.8
            +---------+---------+-------+---------+---------+-------
        D:1 |      52 |       0 |   0.0 |      29 |       0 |   0.0
        D:2 |      66 |      80 |  54.8 |      21 |      10 |  32.3
        D:3 |      76 |      45 |  37.2 |      16 |       7 |  30.4
        D:4 |     518 |       0 |   0.0 |      18 |       0 |   0.0
            +---------+---------+-------+---------+---------+-------
